Map: Deathaura LE

Players

Astrea

  • Race: Protoss Protoss
  • League: Master
  • Spawn Location: 11:00

LiquidMaNa (MaNa) - Winner!

  • Race: Protoss Protoss
  • League: Master
  • Spawn Location: 5:00

Event: Cheeseadelphia Winter Championship 2021

VOD

Have the link to the VOD?

Description

Time

  • Played on: Jan. 23, 2021, 6:10 p.m.
  • Length: 18:55

All games in this series

Show
View Real Time Build Order
Export as new Build Order

Astrea Protoss 

Build Orders: Oracle Opening 

Get SALT Encoding   

  12  0:00  Probe  
  13  0:12  Probe  
  14  0:17  Pylon  
  14  0:24  Probe (Chrono Boost)  
  15  0:37  Gateway, Probe (Chrono Boost)  
  16  0:43  Probe (Chrono Boost)  
  16  0:45  Assimilator  
  17  0:51  Probe  
  17  0:53  Assimilator  
  18  1:03  Probe (Chrono Boost)  
  19  1:11  Gateway  
  19  1:12  Probe (Chrono Boost)  
  19  1:17  Probe (Chrono Boost)  
  20  1:24  Cybernetics Core  
  21  1:29  Probe  
  22  1:37  Pylon  
  22  1:41  Probe  
  23  1:55  Probe  
  23  2:00  Stalker x2  
  28  2:01  Warp Gate  
  28  2:09  Probe  
  28  2:12  Pylon  
  29  2:25  Stargate  
  29  2:30  Probe  
  30  2:42  Probe  
  31  2:55  Nexus  
  31  2:57  Probe  
  31  3:03  Shield Battery  
  31  3:08  Oracle (Chrono Boost)  
  34  3:14  Probe  
  35  3:26  Pylon, Probe  
  36  3:38  Probe  
  36  3:39  Robotics Facility  
  37  3:49  Sentry x2  
  37  3:50  Probe  
  41  4:03  Probe  
  42  4:13  Probe (Chrono Boost)  
  42  4:15  Phoenix, Probe (Chrono Boost)  
  45  4:25  Probe (Chrono Boost)  
  45  4:26  Observer  
  45  4:27  Probe (Chrono Boost)  
  48  4:33  Probe x2 (Chrono Boost)  
  50  4:40  Probe  
  50  4:41  Phoenix (Chrono Boost), Probe  
  50  4:45  Nexus  
  54  4:57  Probe  
  55  5:01  Probe  
  55  5:03  Phoenix (Chrono Boost)  
  58  5:09  Probe  
  58  5:13  Probe  
  60  5:16  Pylon  
  60  5:17  Assimilator  
  60  5:18  Pylon  
  61  5:28  Probe x2  
  61  5:30  Assimilator  
  61  5:32  Immortal (Chrono Boost)  
  61  5:33  Phoenix  
  68  5:39  Stalker  
  69  5:48  Probe  
  69  5:49  Stalker  
  72  5:52  Probe  
  73  6:00  Shield Battery, Probe  
  74  6:05  Probe x2  
  74  6:06  Immortal (Chrono Boost)  
  74  6:08  Zealot  
  82  6:12  Probe  
  82  6:13  Pylon  
  83  6:23  Zealot  
  85  6:27  Probe x2  
  85  6:30  Probe  
  88  6:39  Zealot, Probe x2  
  90  6:43  Immortal (Chrono Boost)  
  90  6:44  Probe  
  93  6:50  Zealot  
  93  6:51  Phoenix (Chrono Boost), Probe x2  
  93  6:53  Observer  
  99  6:54  Pylon  
  99  6:56  Probe  
  92  7:03  Probe  
  92  7:04  Probe  
  92  7:05  Assimilator  
  92  7:08  Assimilator, Zealot, Probe  
  96  7:12  Zealot  
  96  7:13  Phoenix (Chrono Boost)  
  96  7:15  Probe, Protoss Air Weapons Level 1 (Chrono Boost)  
  102  7:16  Probe  
  102  7:20  Probe  
  96  7:27  Probe  
  96  7:28  Probe  
  98  7:31  Phoenix (Chrono Boost), Gateway  
  98  7:32  Gateway, Probe  
  98  7:34  Immortal (Chrono Boost)  
  105  7:39  Zealot x2  
  105  7:43  Probe  
  104  7:44  Void Ray (Chrono Boost)  
  93  8:01  Zealot x2  
  93  8:03  Shield Battery  
  93  8:04  Shield Battery, Immortal (Chrono Boost)  
  97  8:06  Shield Battery, Pylon  
  101  8:17  Void Ray  
  99  8:23  Stalker x2  
  105  8:35  Stalker x2  
  105  8:36  Immortal (Chrono Boost)  
  107  8:50  Zealot x2  
  107  8:54  Void Ray  
  96  9:04  Zealot x2  
  96  9:06  Immortal (Chrono Boost)  
  102  9:15  Zealot x2  
  98  9:26  Gateway  
  98  9:27  Gateway  
  98  9:28  Stalker  
  98  9:29  Pylon x2  
  100  9:39  Nexus  
  100  9:40  Sentry  
  100  9:41  Void Ray  
  102  9:46  Pylon x2  
  102  9:52  Immortal (Chrono Boost)  
  106  9:53  Forge  
  106  9:55  Twilight Council  
  106  9:57  Zealot x2  
  114  10:08  Stalker  
  116  10:15  Pylon x2  
  116  10:18  Void Ray  
  116  10:19  Zealot  
  116  10:20  Zealot  
  116  10:24  Zealot x2, Immortal  
  102  10:38  Zealot  
  103  10:47  Stalker x3  
  103  10:48  Zealot  
  101  10:57  Void Ray (Chrono Boost)  
  101  11:01  Probe x3  
  101  11:02  Zealot  
  101  11:04  Immortal  
  106  11:08  Sentry, Observer  
  110  11:12  Forge  
  110  11:16  Zealot x3  
  106  11:28  Void Ray (Chrono Boost)  
  106  11:35  Gateway, Forge  
  106  11:38  Sentry x2, Immortal  
  114  11:53  Adept x3  
  116  11:55  Void Ray (Chrono Boost)  
  116  12:05  Zealot  
  116  12:06  Zealot  
  124  12:12  Immortal  
  124  12:14  Pylon x2  
  124  12:19  Stalker x3  
  133  12:31  Void Ray (Chrono Boost)  
  137  12:38  Zealot x3  
  137  12:42  Pylon  
  139  12:44  Pylon  
  137  12:51  Immortal  
  141  13:00  Photon Cannon, Nexus  
  141  13:05  Charge  
  141  13:10  Templar Archives  
  141  13:12  Pylon  
  141  13:26  Protoss Ground Weapons Level 1 (Chrono Boost)  
  141  13:31  Observer  
  142  13:38  Nexus  
  142  13:40  Shield Battery x2  
  138  13:52  Immortal (Chrono Boost)  
  138  13:53  Void Ray  
  138  14:00  High Templar x6  
  148  14:03  Archon  
  148  14:04  Archon x2  
  148  14:08  Fleet Beacon  
  148  14:09  Probe x2  
  155  14:10  Probe  
  153  14:21  Probe  
  153  14:24  Photon Cannon  
  154  14:26  Immortal (Chrono Boost), Photon Cannon  
  154  14:28  Photon Cannon  
  154  14:29  Photon Cannon  
  158  14:35  Zealot x6  
  160  14:51  Photon Cannon x2  
  159  14:53  Pylon  
  159  14:57  Assimilator x2  
  159  15:01  Observer  
  159  15:03  High Templar x6  
  159  15:06  Photon Cannon  
  172  15:07  Photon Cannon  
  172  15:08  Archon x2  
  172  15:09  Archon  
  170  15:16  Mothership (Chrono Boost)  
  175  15:29  Observer  
  175  15:33  Observer  
  176  15:47  Warp Prism (Chrono Boost)  
  176  15:51  Gateway x2  
  178  16:04  Zealot x6  
  178  16:06  Protoss Ground Weapons Level 2 (Chrono Boost)  
  184  16:20  Protoss Air Weapons Level 2 (Chrono Boost)  
  178  16:28  Zealot x6  
  182  16:56  Zealot x8  
  186  17:17  High Templar x7  
  186  17:21  Archon x3  
  197  17:42  High Templar  
  199  17:47  Nexus  
  198  17:53  Archon, Zealot  
  174  18:11  Zealot  
  174  18:12  Zealot x5  
  176  18:15  Zealot x2, Immortal  
  146  18:44  Zealot x8  
Show
View Real Time Build Order
Export as new Build Order

LiquidMaNa Protoss - Winner!

Build Orders: Oracle Opening 

Get SALT Encoding   

  12  0:00  Probe  
  13  0:12  Probe  
  14  0:16  Pylon  
  14  0:24  Probe (Chrono Boost)  
  15  0:36  Gateway, Probe (Chrono Boost)  
  16  0:44  Probe (Chrono Boost)  
  16  0:46  Assimilator  
  17  0:51  Probe  
  18  1:03  Probe (Chrono Boost)  
  19  1:04  Assimilator  
  19  1:08  Gateway  
  19  1:12  Probe (Chrono Boost)  
  19  1:17  Probe (Chrono Boost)  
  20  1:23  Cybernetics Core  
  21  1:29  Probe  
  22  1:33  Pylon  
  22  1:41  Probe  
  23  1:53  Probe  
  24  2:00  Stalker x2  
  24  2:01  Warp Gate  
  28  2:05  Probe  
  29  2:10  Pylon  
  29  2:23  Stargate  
  29  2:46  Nexus  
  29  2:49  Probe  
  30  3:01  Probe  
  30  3:04  Oracle (Chrono Boost)  
  34  3:13  Probe  
  35  3:20  Shield Battery  
  35  3:25  Probe  
  36  3:31  Pylon  
  36  3:36  Oracle  
  36  3:41  Twilight Council  
  39  3:49  Probe (Chrono Boost)  
  39  3:50  Stalker  
  39  3:55  Stalker  
  44  3:59  Probe (Chrono Boost)  
  44  4:01  Probe (Chrono Boost)  
  46  4:09  Probe (Chrono Boost)  
  44  4:10  Probe (Chrono Boost)  
  44  4:14  Probe (Chrono Boost)  
  45  4:22  Probe (Chrono Boost)  
  46  4:26  Blink (Chrono Boost), Probe (Chrono Boost)  
  47  4:35  Probe (Chrono Boost)  
  47  4:36  Probe (Chrono Boost)  
  47  4:37  Stalker  
  51  4:40  Probe (Chrono Boost)  
  51  4:42  Pylon  
  51  4:43  Assimilator  
  51  4:44  Probe  
  53  4:57  Probe x2  
  53  4:58  Stalker  
  57  5:01  Stalker  
  59  5:09  Probe  
  59  5:10  Probe  
  62  5:21  Stalker, Probe  
  62  5:22  Probe  
  62  5:23  Gateway  
  62  5:24  Stalker  
  62  5:25  Gateway  
  67  5:30  Pylon  
  67  5:33  Probe  
  67  5:34  Probe  
  69  5:45  Probe  
  69  5:48  Probe  
  71  5:50  Stalker  
  71  5:53  Pylon  
  73  5:57  Probe  
  73  6:00  Probe  
  75  6:09  Probe  
  76  6:13  Stalker x2, Probe  
  76  6:15  Gateway  
  81  6:21  Probe  
  80  6:26  Stalker x2  
  80  6:30  Gateway  
  80  6:32  Pylon  
  84  6:33  Pylon  
  84  6:40  Stalker  
  83  6:48  Nexus  
  76  7:02  Stalker x3  
  76  7:03  Stalker  
  84  7:09  Stalker  
  84  7:10  Pylon  
  84  7:13  Probe x2  
  86  7:26  Stalker  
  86  7:27  Stalker x4  
  94  7:33  Charge  
  84  7:50  Stalker x4  
  88  8:00  Stalker x2  
  84  8:17  Stalker x4  
  90  8:27  Stalker x2  
  90  8:28  Probe x3  
  90  8:30  Assimilator  
  90  8:31  Assimilator  
  97  8:41  Stalker x3  
  99  8:53  Zealot x3  
  87  9:04  Stalker x3  
  93  9:14  Stalker x3  
  91  9:28  Gateway  
  91  9:30  Gateway  
  87  9:34  Zealot x3  
  87  9:37  Zealot x3  
  97  9:43  Probe  
  98  9:49  Robotics Facility  
  98  9:50  Nexus  
  98  9:51  Pylon  
  98  9:52  Stalker x4  
  106  9:57  Zealot x2  
  110  10:01  Probe x3  
  113  10:12  Zealot x4  
  113  10:13  Probe  
  98  10:35  Zealot x8  
  88  10:42  Probe x3  
  89  10:57  Stalker x6  
  89  10:58  Stalker  
  89  11:01  Stalker  
  89  11:03  Probe x2  
  105  11:06  Probe x2  
  105  11:09  Observer (Chrono Boost)  
  104  11:15  Probe x2  
  86  11:25  Stalker x4  
  86  11:26  Stalker  
  86  11:30  Stalker x2  
  86  11:32  Stalker  
  90  11:49  Stalker x5  
  90  11:52  Forge  
  100  12:01  Nexus  
  97  12:02  Pylon  
  97  12:03  Probe x2  
  98  12:12  Stalker x4  
  103  12:23  Stalker x2  
  103  12:24  Stalker x2  
  103  12:29  Probe x4  
  113  12:32  Protoss Ground Weapons Level 1 (Chrono Boost)  
  110  12:41  Probe (Chrono Boost)  
  111  12:45  Probe x2 (Chrono Boost)  
  111  12:50  Probe (Chrono Boost)  
  114  12:53  Probe (Chrono Boost)  
  114  12:54  Probe (Chrono Boost)  
  114  12:55  Probe (Chrono Boost)  
  114  12:56  Photon Cannon  
  114  12:58  Probe x2 (Chrono Boost)  
  117  12:59  Probe x2 (Chrono Boost)  
  117  13:02  Observer  
  121  13:09  Probe  
  121  13:10  Sentry x3, Templar Archives  
  121  13:11  Stalker x3  
  134  13:16  Probe x4  
  138  13:25  Assimilator  
  138  13:26  Assimilator  
  138  13:41  Stalker x8  
  154  13:46  Shield Battery  
  154  13:51  Shield Battery  
  150  13:56  Observer  
  150  14:04  Zealot x2  
  150  14:05  Zealot, High Templar x2  
  150  14:06  Zealot  
  154  14:10  Pylon  
  154  14:11  Pylon  
  154  14:12  Pylon  
  154  14:13  Pylon  
  154  14:14  Pylon  
  154  14:17  Assimilator  
  154  14:24  Assimilator  
  154  14:31  Observer  
  148  14:39  Stalker  
  148  14:40  Stalker x6  
  148  14:41  Probe  
  148  14:43  Pylon  
  151  14:54  Protoss Ground Weapons Level 2 (Chrono Boost)  
  151  14:58  Fleet Beacon  
  151  15:02  Robotics Bay, Robotics Facility  
  151  15:05  Adept x4  
  159  15:09  Probe x3  
  159  15:13  Stalker x3  
  164  15:24  Observer  
  160  15:28  Stalker x5  
  160  15:29  Nexus  
  160  15:31  Pylon  
  160  15:33  Photon Cannon  
  160  15:35  Mothership (Chrono Boost), Photon Cannon  
  170  15:37  Shield Battery  
  170  15:39  Pylon  
  178  15:48  Zealot x2  
  178  15:49  Zealot  
  183  15:50  Disruptor (Chrono Boost)  
  183  15:51  Disruptor (Chrono Boost)  
  183  16:06  Stalker x5  
  193  16:16  Disruptor x2 (Chrono Boost)  
  197  16:25  Photon Cannon  
  197  16:28  Photon Cannon  
  197  16:29  Photon Cannon  
  197  16:31  Pylon  
  197  16:32  Shield Battery, Photon Cannon  
  197  16:33  Oracle  
  197  16:37  Robotics Facility  
  196  16:48  Zealot x2  
  196  17:16  Disruptor  
  197  17:30  Disruptor  
  196  17:58  Gateway  
  196  17:59  Gateway  
  196  18:01  Gateway  
  196  18:07  Zealot x2  
  190  18:14  Stalker x5  
  191  18:30  Nexus  
  191  18:32  Stalker x3  
  183  18:54  Zealot x5  
Tags
 
Add a new tag
Caveats
  • Supply blocks, unpowered buildings, or Contaminate may cause inaccurate times.
  • Supply counts are checked every 10 seconds.